 Dungeon Crawl Stone Soup version 0.32-a0-630-g46d191b0ed (webtiles) character file.

Game seed: 5361826463881434106

20209 zenocrate the Bewitcher (level 12, 0/60 HPs)
             Began as a Felid Earth Elementalist on Mar 6, 2024.
             Was an Initiate of Gozag.
             Slain by a catoblepas (28 damage)
             ... on level 3 of the Lair of Beasts.
             The game lasted 00:24:06 (13871 turns).

zenocrate the Bewitcher (Felid Earth Elementalist) Turns: 13871, Time: 00:24:07

Health: 0/60       AC:  7    Str: 11    XL:     12   Next: 43%
Magic:  18/20      EV: 24    Int: 20    God:    Gozag
Gold:   829        SH:  0    Dex: 22    Spells: 3/20 levels left
                                        Lives:  0   Deaths: 4

rFire   . .          .
                       - Unarmed
rCold   + . .        (shield unavailable)
rNeg    . . .        (body armour unavailable)
rPois   .            (helmet unavailable)
rElec   .            (cloak unavailable)
rCorr   .            (gloves unavailable)
SInv    +            (boots unavailable)
Will    +....        k - amulet of the acrobat
Stlth   +++++        n - +6 ring of strength
HPRegen 0.30/turn    i - +4 ring of protection
MPRegen 0.17/turn

%: acrobat
@: no status effects
A: very small, claws 1, fangs 3, see invisible, shaggy fur 3, stealthy paws, no
weapons or thrown items, no armour, multi-lived, agile 1, wild magic 1
a: Renounce Religion, Potion Petition, Call Merchant, Bribe Branch


You were on level 3 of the Lair of Beasts.
You worshipped Gozag.
Gozag was pleased with you.
You visited 3 branches of the dungeon, and saw 12 of its levels.

You collected 1805 gold pieces.
You paid 976 gold pieces to Gozag.

Inventory:

Jewellery
 i - a +4 ring of protection (right paw)
 k - an amulet of the acrobat (around neck)
 n - a +6 ring of strength (left paw)
 r - a +6 ring of dexterity
Talismans
 d - the granite talisman of the Hot Ocelot {rF+}
   (You found it on level 2 of the Lair of Beasts)

   [granite talisman]

   rF+:       It protects you from fire.
 h - a talisman of death
Wands
 a - a wand of quicksilver (3)
 q - a wand of digging (4)
 A - a wand of polymorph (5)
Scrolls
 c - a scroll of torment
 g - 4 scrolls of immolation
 l - 4 scrolls of vulnerability
 m - a scroll of butterflies
 o - 2 scrolls of revelation
 p - a scroll of silence
 s - a scroll of fog
 t - 3 scrolls of teleportation
 x - a scroll of noise {unknown}
 y - 2 scrolls of poison
Potions
 e - 2 potions of mutation
 j - 3 potions of enlightenment
 v - a potion of curing
 w - a potion of berserk rage
 z - 2 potions of attraction
 B - a potion of brilliance
 D - a potion of lignification


   Skills:
 + Level 5.9 Fighting
 + Level 8.2 Dodging
 + Level 10.0 Stealth
 * Level 9.0 Unarmed Combat
 - Level 4.6 Spellcasting
 - Level 4.9 Conjurations
 + Level 16.5 Hexes
 - Level 4.9 Earth Magic
 + Level 4.9 Evocations
 + Level 3.4 Shapeshifting


You had 3 spell levels left.
You knew the following spells:

 Your Spells              Type           Power      Damage    Failure   Level
a - Stone Arrow           Conj/Erth      62%        3d10      8%          3
b - Confusing Touch       Hex            75%        N/A       1%          3
c - Cause Fear            Hex            37%        N/A       1%          4
d - Enfeeble              Hex            37%        N/A       17%         7

Your spell library contained the following spells:

 Spells                   Type           Power      Damage    Failure   Level
 Slow                     Hex            100%       N/A       1%          1
 Dazzling Flash           Conj/Hex       100%       N/A       1%          3
 Sigil of Binding         Hex            75%        N/A       1%          3
 Sandblast                Erth           62%        2d14      3%          1
 Passwall                 Erth           31%        N/A       8%          3
 Call Canine Familiar     Summ           6%         N/A       43%         3
 Frozen Ramparts          Ice            12%        1d2       43%         3
 Vampiric Draining        Necr           6%         2d6       43%         3
 Volatile Blastmotes      Fire/Tloc      12%        2d11      43%         3
 Anguish                  Hex/Necr       24%        N/A       7%          4
 Metabolic Englaciation   Hex/Ice        24%        N/A       16%         5
 Brom's Barrelling Bould  Conj/Erth      31%        2d5       22%         4
 Leda's Liquefaction      Alch/Erth      9%         N/A       50%         4
 Petrify                  Alch/Erth      19%        N/A       50%         4
 Starburst                Conj/Fire      9%         6d5       100%        6
 Maxwell's Capacitive Co  Air            3%         ∞         100%        8
 Dimensional Bullseye     Hex/Tloc       Unusable   N/A       N/A         4

Dungeon Overview and Level Annotations

Branches:
Dungeon (8/15)             Temple (1/1) D:5            Lair (3/5) D:8
 Spider (0/4) Lair:2
  Swamp: Lair:2-3    Shoals: Lair:2-3

Altars:
Ashenzari
Cheibriados
Dithmenos
Elyvilon
Fedhas
Gozag
Hepliaklqana
Kikubaaqudgha
Makhleb
Nemelex Xobeh
Okawaru
Qazlal
Sif Muna
Trog
Uskayaw
Vehumet
Wu Jian
Xom
Yredelemnul
Zin
The Shining One

Shops:
D:3 (   Lair:1 =


Innate Abilities, Weirdness & Mutations

You have sharp claws.
You have razor-sharp teeth.
You have supernaturally acute eyesight. (SInv)
Your thick and shaggy fur keeps you warm. (AC +3, rC+)
Your paws help you pounce on unaware monsters.
You are incapable of wielding weapons or throwing items.
You cannot wear armour.
You gain extra lives every three experience levels.
You are agile. (Dex +4, Str/Int -1)
Your spells are a little harder to cast, but a little more powerful.


Message History

You eviscerate Nessos!!!
You kill Nessos!
Your Stealth skill increases to level 10!
Your Unarmed Combat skill increases to level 9!
No target in view!
You feel yourself speed up.
You feel a little less mighty now.
Magic restored.
You recover from your berserk rage.
A catoblepas comes into view.
A catoblepas is nearby!
A catoblepas is nearby!
Casting: Confusing Touch (safe; 1% risk of failure)
Confirm with . or Enter, or press ? or * to list all spells.
Your paws begin to glow red.
The catoblepas bellows!
The catoblepas breathes a plume of calcifying dust at you.
The blast of calcifying dust hits you.
You scratch the catoblepas but do no damage.
You bite the catoblepas.
The catoblepas is lightly wounded.
The catoblepas breathes a plume of calcifying dust at you.
The blast of calcifying dust hits you.
You scratch the catoblepas but do no damage.
The catoblepas is lightly wounded.
You are engulfed in calcifying dust.
You are slowing down.
The catoblepas gores you!!
The catoblepas snuffles in challenge.
The catoblepas attacks as it pursues you!
The catoblepas misses you.
Your limbs are stiffening.
Unknown command.
Okay, then.
You feel limber!
Your magical effects are unravelling.
You feel magically purged.
Your paws stop glowing.
The catoblepas gores you!!
You die...
Your body crumbles into a pile of gold.

# ...........#
.. ..........
##.##.......#
#..#..#..#.##
#.........?.#
#.....§.....##
#............#
+....Y§§..$.##
#$...@§$.....##
##.<...§.$.$.#.#
#......§......##
##.....§(<§..##
#.....§.....P#
####.####P.###
### ###.# ##


You could see a catoblepas.

Vanquished Creatures
  Nessos (Lair:3)
  A hydra (Lair:3)
  3 boulder beetles
  2 two-headed ogres
  A meliai (Lair:2)
  10 elephants
  A black mamba (Lair:1)
  A rime drake (D:8)
  3 cane toads
  3 komodo dragons
  A polar bear (Lair:1)
  14 yaks
  3 wyverns
  A basilisk (Lair:1)
  Menkaure (D:5)
  3 water moccasins
  11 ice beasts
  2 black bears (D:6)
  An orc warrior (D:7)
  2 ogres
  3 wolves (D:8)
  A centaur (D:7)
  4 bullfrogs
  6 scorpions
  8 killer bees
  A bombardier beetle (D:4)
  4 hounds
  2 jellies
  A sleepcap (D:6)
  3 iguanas
  2 orc wizards (D:6)
  Robin (D:2)
  7 gnolls
  5 adders
  14 white imps
  6 ufetubi
  5 dart slugs
  2 ribbon worms
  13 orcs
  7 ball pythons
  5 endoplasms
  9 goblins
  7 hobgoblins
  6 jackals
  3 kobolds
  4 quokkas
  7 bats
  5 frilled lizards
  4 rats
210 creatures vanquished.

Vanquished Creatures (collateral kills)
  A yak (Lair:2)
1 creature vanquished.

Vanquished Creatures (others)
  2 yaks (Lair:2)
2 creatures vanquished.

Grand Total: 213 creatures vanquished

Notes
Turn   | Place    | Note
-------+----------+-------------------------------------------
     0 | D:1      | zenocrate the Felid Earth Elementalist began the quest for
                  | the Orb.
     0 | D:1      | Reached XP level 1. HP: 9/9 MP: 4/4
    41 | D:1      | Reached skill level 1 in Conjurations
   126 | D:1      | Reached XP level 2. HP: 6/14 MP: 1/6
   617 | D:1      | Reached XP level 3. HP: 14/17 MP: 2/7
   621 | D:1      | Learned a level 3 spell: Stone Arrow
   818 | D:2      | Noticed Robin
   900 | D:2      | Reached skill level 1 in Fighting
   995 | D:2      | Killed Robin
  1349 | D:2      | Reached XP level 4. HP: 22/22 MP: 4/8
  1349 | D:2      | Gained a life (2 lives remaining)
  2844 | D:3      | Found Lonocipn's Antique Weapon Boutique.
  3014 | D:3      | Reached XP level 5. HP: 21/26 MP: 4/9
  3215 | D:3      | Learned a level 4 spell: Cause Fear
  3377 | D:4      | Reached skill level 1 in Shapeshifting
  3636 | D:4      | Reached skill level 1 in Hexes
  3739 | D:4      | Gained mutation: You are covered in thick fur. (AC +2)
                  | [Felid growth]
  3739 | D:4      | Reached XP level 6. HP: 26/30 MP: 7/11
  3812 | D:4      | Found a sparkling altar of Nemelex Xobeh.
  4369 | D:5      | Entered Level 5 of the Dungeon
  4416 | D:4      | Reached skill level 2 in Hexes
  4548 | D:5      | Noticed Menkaure
  4723 | D:5      | Reached XP level 7. HP: 19/35 MP: 2/12
  5131 | D:5      | Found a staircase to the Ecumenical Temple.
  5198 | D:5      | Killed Menkaure
  5199 | D:5      | Reached skill level 5 in Stealth
  5199 | D:5      | Reached skill level 3 in Hexes
  5393 | Temple   | Entered the Ecumenical Temple
  5412 | Temple   | Became a worshipper of Gozag Ym Sagoz the Greedy
  5498 | D:6      | Mangled by a sleepcap
  5498 | D:6      | Lost a life (1 life remaining)
  5607 | D:6      | HP: 1/36 [black bear (3)]
  5745 | D:6      | Reached XP level 8. HP: 40/40 MP: 4/14
  5745 | D:6      | Gained a life (2 lives remaining)
  5817 | D:6      | Reached skill level 5 in Dodging
  5921 | D:6      | Succumbed to a scorpion's poison
  5921 | D:6      | Lost a life (1 life remaining)
  5990 | D:6      | Reached skill level 4 in Hexes
  6177 | D:6      | Reached skill level 1 in Unarmed Combat
  7074 | D:6      | Learned a level 3 spell: Confusing Touch
  7119 | D:7      | Noticed a two-headed ogre
  7144 | D:7      | Reached skill level 5 in Unarmed Combat
  7232 | D:7      | Killed a two-headed ogre
  7233 | D:7      | Reached XP level 9. HP: 44/44 MP: 2/15
  7673 | D:7      | Found an ancient bone altar of Kikubaaqudgha.
  7808 | D:7      | Reached skill level 5 in Hexes
  8364 | D:7      | Learned a level 7 spell: Enfeeble
  8364 | D:7      | Reached skill level 15 in Hexes
  8364 | D:7      | Reached XP level 10. HP: 49/49 MP: 6/17
  8364 | D:7      | Gained a life (2 lives remaining)
  8624 | D:8      | Found a staircase to the Lair.
  8821 | D:8      | Reached skill level 1 in Evocations
  8876 | D:8      | Noticed a two-headed ogre
  8888 | D:8      | Killed a two-headed ogre
  8889 | D:8      | Reached XP level 11. HP: 53/53 MP: 3/19
  9832 | Lair:1   | Entered Level 1 of the Lair of Beasts
  9832 | Lair:1   | Noticed a boulder beetle
  9849 | D:8      | Killed a boulder beetle
 10081 | Lair:1   | Found a frozen archway.
 10442 | Lair:1   | HP: 3/81 [poisoned by a cane toad]
 10779 | Lair:1   | Gained mutation: Your mind is acute. (Int +4, Str/Dex -1)
                  | [potion of mutation]
 10779 | Lair:1   | Gained mutation: Your spells are a little harder to cast,
                  | but a little more powerful. [potion of mutation]
 10779 | Lair:1   | Lost mutation: Your mind is acute. (Int +4, Str/Dex -1)
                  | [potion of mutation]
 10779 | Lair:1   | Gained mutation: You are agile. (Dex +4, Str/Int -1)
                  | [potion of mutation]
 11773 | Lair:1   | Reached skill level 5 in Fighting
 11773 | Lair:1   | Reached skill level 16 in Hexes
 12179 | Lair:2   | Identified the +3 rapier of Eternity {spect, rElec rF+
                  | Will+ Str-3}
 12228 | Lair:2   | Found a hole to the Spider Nest.
 12235 | Lair:2   | Succumbed to a meliai's poison
 12235 | Lair:2   | Lost a life (1 life remaining)
 12429 | Lair:2   | Gained mutation: Your thick and shaggy fur keeps you warm.
                  | (AC +3, rC+) [Felid growth]
 12429 | Lair:2   | Reached XP level 12. HP: 27/60 MP: 3/20
 12925 | Lair:2   | Noticed a boulder beetle
 12925 | Lair:2   | Noticed a boulder beetle
 12948 | Lair:2   | Annihilated by a boulder beetle
 12948 | Lair:2   | Lost a life (0 lives remaining)
 12989 | Lair:2   | Killed a boulder beetle
 13008 | Lair:2   | Killed a boulder beetle
 13141 | Lair:2   | Identified the granite talisman of the Hot Ocelot {rF+}
 13420 | Lair:3   | Noticed a five-headed hydra
 13519 | Lair:3   | Noticed Nessos
 13737 | Lair:3   | Killed a five-headed hydra
 13830 | Lair:3   | Killed Nessos
 13831 | Lair:3   | Reached skill level 10 in Stealth
 13862 | Lair:3   | Noticed a catoblepas
 13871 | Lair:3   | Slain by a catoblepas

Illustrated notes

Levels and vault maps discovered:
D:1:      roderic_crop_circles_arrival_small, layout_loops_ring,
          serial_bayou_pond_e, minmay_split_cup_large
D:2:      layout_loops_corners, grunt_decor_resistance, uniq_robin
D:3:      minmay_spotlight, layout_basic, serial_shops, shop
D:4:      minmay_evil_eye, layout_gridville, mainiacjoe_overflow_alcove_1,
          kennysheep_nondescript, corexii_corridor_pit
D:5:      layout_rooms, minmay_temple_entry_drinking_statues, uniq_menkaure
D:6:      layout_cave_pods, serial_column_ruins, column_ruins_columns_straight,
          column_ruins_open_medium, column_ruins_grid_3,
          column_ruins_open_medium_water, column_ruins_columns_straight
D:7:      wander_river, layout_gridville, kiku_gazebo_garden_becter,
          minmay_fractal_squares_5
D:8:      layout_basic, hellmonk_lair_entry_icy, kennysheep_doodads
Temple:   compressed_dpeg_triangle_lava_temple
Lair:1:   layout_roguey, portal_ice_cave_entry_imps, serial_bayou_crossing,
          lemuel_fruit_fields
Lair:2:   layout_regular_city, hellmonk_spider_entry_not_the_bees,
          hellmonk_talismancer
Lair:3:   layout_roguey, mainiacjoe_shoals_entry_four_pools, lemuel_fruit_tree,
          uniq_nessos

Skill      XL: |  1  2  3  4  5  6  7  8  9 10 11 12 |
---------------+-------------------------------------+-----
Conjurations   | 1 2 3 4 |  4.9
Stealth        | 3 4 5 6 9 10 | 10.0
Dodging        | 3 4 5 7 8 |  8.2
Earth Magic    | 3 4 |  4.9
Fighting       | 1 2 3 5 |  5.9
Shapeshifting  | 1 2 3 |  3.4
Hexes          | 1 2 3 4 15 16 | 16.5
Spellcasting   | 3 4 |  4.6
Unarmed Combat | 7 8 9 |  9.0
Evocations     | 1 4 |  4.9

Action                     |  1- 3 |  4- 6 |  7- 9 | 10-12 || total
---------------------------+-------+-------+-------+-------++-------
  Melee: Unarmed           |    13 |    33 |    71 |   207 ||   324
         Bite              |     1 |     1 |     7 |    37 ||    46
         Punch             |       |       |       |    22 ||    22
   Cast: Sandblast         |    54 |   111 |    26 |       ||   191
         Stone Arrow       |       |       |    78 |   112 ||   190
         Confusing Touch   |       |       |       |    28 ||    28
         Cause Fear        |       |       |       |     1 ||     1
 Invoke: Potion Petition   |       |       |       |     1 ||     1
         Call Merchant     |       |       |       |     1 ||     1
  Evoke: Wand              |       |       |     1 |    11 ||    12
    Use: Scroll            |     1 |     9 |     8 |    10 ||    28
         Potion            |     1 |     1 |    10 |     5 ||    17
   Stab: Sleeping          |       |     8 |     1 |     6 ||    15
         Confused          |       |       |       |    30 ||    30
 Armour: Skin              |    18 |    62 |    65 |   114 ||   259
  Dodge: Dodged            |    37 |   137 |   121 |   269 ||   564

Table legend: (Time is in decaauts)
 A = Elapsed time spent in this place.
 B = Non-inter-level travel time spent in this place.
 C = Inter-level travel time spent in this place.
 D = Time resting spent in this place.
 E = Time spent auto-exploring this place.
 F = Levels seen in this place.
 G = Mean time per level.
                   A        B        C        D        E       F      G
               +--------+--------+--------+--------+--------+-----+--------+
         Total |  13958 |  13527 |    431 |    280 |  11268 |  12 | 1163.2 |
       Dungeon |  10301 |   9985 |    316 |    175 |   8453 |   8 | 1287.6 |
        Temple |     38 |      2 |     36 |      0 |      0 |   1 |   38.0 |
          Lair |   3618 |   3539 |     79 |    105 |   2814 |   3 | 1206.0 |
               +--------+--------+--------+--------+--------+-----+--------+

Top non-repeatable levels by time:
     D:8: 1729 daAuts
  Lair:2: 1729 daAuts
  Lair:1: 1699 daAuts
     D:6: 1585 daAuts
     D:7: 1429 daAuts
     D:4: 1429 daAuts
     D:2: 1196 daAuts
     D:3: 1064 daAuts
     D:1: 1020 daAuts
     D:5: 846 daAuts
  Lair:3: 190 daAuts
  Temple: 38 daAuts
